 Dungeon Crawl Stone Soup version 0.31-a0-963-ga325b2283a (webtiles) character file.

Game seed: 11351867980004770186

396 Gargoyl the Chopper (level 6, -2/57 HPs)
             Began as a Gargoyle Berserker on Oct 25, 2023.
             Was a Believer of Trog.
             Slain by an ogre
             ... wielding a +0 giant spiked club
              (29 damage)
             ... on level 4 of the Dungeon.
             The game lasted 00:04:34 (3460 turns).

Gargoyl the Chopper (Gargoyle Berserker)            Turns: 3460, Time: 00:04:35

Health: -2/57      AC: 13    Str: 21    XL:     6   Next: 82%
Magic:  6/6        EV: 11    Int: 13    God:    Trog [**....]
Gold:   219        SH:  8    Dex: 11    Spells: 5/5 levels left

rFire   . . .        a - +0 hand axe
rCold   . . .        o - +0 kite shield
rNeg    + . .        m - +1 animal skin
rPois   ∞            n - +0 helmet
rElec   +            (no cloak)
rCorr   .            (no gloves)
SInv    .            p - +0 pair of boots
Will    .....        (no amulet) Stlth
                     b - +6 ring of intelligence
HPRegen 0.29/turn    r - +4 ring of protection
MPRegen 0.10/turn

%: no passive effects
@: berserking, very quick
A: sickness immunity, AC +4, negative energy resistance 1, electricity
resistance, torment resistance 1, petrification resistance
a: Renounce Religion, Berserk, Trog's Hand


You were on level 4 of the Dungeon.
You worshipped Trog.
Trog was pleased with you.
You visited 1 branch of the dungeon, and saw 5 of its levels.

You collected 219 gold pieces.

Inventory:

Hand Weapons
 a - a +0 hand axe (weapon)
Armour
 m - a +1 animal skin (worn)
 n - a +0 helmet (worn)
 o - a +0 kite shield (worn)
 p - a +0 pair of boots (worn)
Jewellery
 b - a +6 ring of intelligence (left hand)
 r - a +4 ring of protection (right hand)
 v - a +6 ring of intelligence
 x - an amulet of the acrobat
Scrolls
 h - 2 scrolls of enchant armour {unknown}
 i - a scroll of fear {unknown}
 j - a scroll of revelation {unknown}
 l - a scroll of poison {unknown}
 q - a scroll of noise {unknown}
 s - 2 scrolls of blinking {unknown}
 u - a scroll of vulnerability {unknown}
 w - a scroll of teleportation
 y - 2 scrolls of identify {unknown}
Potions
 c - 2 potions of invisibility {unknown}
 d - 5 potions of heal wounds {unknown}
 e - a potion of mutation {unknown}
 f - a potion of lignification {unknown}
 g - 3 potions of curing {unknown}
 k - a potion of attraction {unknown}
 t - 2 potions of magic {unknown}


   Skills:
 + Level 4.2 Fighting
 + Level 4.6 Axes
 * Level 2.9 Armour
 * Level 3.1 Dodging
 + Level 0.3 Stealth
 * Level 2.5 Shields


You had 5 spell levels left.
You didn't know any spells.
Your spell library was empty.

Dungeon Overview and Level Annotations

Branches:
Dungeon (5/15)             Temple (0/1) D:4

Altars:
Dithmenos
Fedhas
Gozag
Ru
Vehumet

Annotations:
D:5 Grinder


Innate Abilities, Weirdness & Mutations

You are immune to sickness and miasma.
Your stone body is resilient. (AC +4)
You are immune to poison.
You resist negative energy. (rN+)
You are resistant to electric shocks. (rElec)
You are resistant to unholy torment.
You are immune to petrification.


Message History

Done exploring.
Done exploring.
What level of the Dungeon? (default 4, ? - help)
There is a stone staircase leading down here.
You climb downwards.
The ogre shouts!
Found a scroll labelled NUTOECU UKLEOC.
Found a stone staircase leading up.
There is a stone staircase leading up here.
An ogre is nearby!
Grinder and a black bear come into view.
An orc comes into view. It is wielding a +0 short sword.
There is a stone staircase leading up here.
A gnoll comes into view. It is wielding a +1 spear of venom.
A gnoll comes into view. It is wielding a +0 spear.
The gnoll shouts! x2
The black bear growls angrily.
You hear a shout! x3
An orc comes into view. It is wielding a +0 short sword.
An orc comes into view. It is wielding a +0 dagger.
You hear a shout!
The orc shouts!
The ogre hits you with a +0 giant spiked club!!
Grinder blinks!
You climb upwards.
There is a stone staircase leading down here.
A red film seems to cover your vision as you go berserk!
You feel yourself moving faster!
You feel mighty!
You completely miss the ogre.
The ogre hits you with a +0 giant spiked club.
You hit the ogre.
The ogre is lightly wounded.
You slash the ogre!
The ogre is heavily wounded.
The ogre closely misses you.
You closely miss the ogre.
The ogre is heavily wounded.
You slash the ogre!
The ogre is almost dead.
The ogre hits you with a +0 giant spiked club!!
Ouch! That really hurt!
You die...

###.# ##.#####.# ##...##
#...# #..##...# #..### #.###
##.#..#####.## #.# #...##
#...# #.# ##...# ##.### #.#
#....###..# #.# ##.##.....##
#.# #..###..#### #.#
##@..#......# ## #.#
##.O.......#.## ##. #.#
#.............# #..
####†#####...........#.####.#
#....................#.......
#.........#.........######..#
#.........##...#.......###.##
#.........######.........##..
#.........# #.......#..##.


You could see an ogre.

Vanquished Creatures
  Eustachio (D:4)
  An ogre (D:3)
  A hound (D:4)
  Robin (D:2)
  3 adders
  4 worms
  3 dart slugs
  9 orcs
  7 endoplasms
  14 goblins
  10 hobgoblins
  4 jackals
  5 kobolds
  4 quokkas
  4 ball pythons
  6 bats
  3 frilled lizards (D:2)
  6 rats
86 creatures vanquished.

Notes
Turn   | Place    | Note
-------+----------+-------------------------------------------
     0 | D:1      | Gargoyl the Gargoyle Berserker began the quest for the Orb.
     0 | D:1      | Reached XP level 1. HP: 14/14 MP: 1/1
   120 | D:1      | Reached XP level 2. HP: 9/19 MP: 2/2
   616 | D:1      | Reached XP level 3. HP: 24/24 MP: 3/3
   675 | D:1      | Found a faded altar of an unknown god.
  1049 | D:2      | Reached ** piety under Trog
  1571 | D:2      | Reached XP level 4. HP: 22/29 MP: 4/4
  1603 | D:2      | Noticed Robin
  1618 | D:2      | Killed Robin
  1971 | D:3      | Identified the "Dotram"
  2245 | D:3      | Noticed an ogre
  2252 | D:3      | Killed an ogre
  2253 | D:3      | Reached XP level 5. HP: 33/33 MP: 5/5
  2309 | D:3      | Found an opulent altar of Gozag.
  2668 | D:3      | Found a faded altar of an unknown god.
  2668 | D:3      | Found a sacrificial altar of Ru.
  2676 | D:3      | Found a blossoming altar of Fedhas.
  2678 | D:3      | Found a shadowy altar of Dithmenos.
  2679 | D:3      | Found a radiant altar of Vehumet.
  2969 | D:4      | Found a staircase to the Ecumenical Temple.
  2969 | D:4      | Identified the +0 scale mail of Iretoic {rN++ Will+ Str+3}
  3082 | D:4      | Reached skill level 1 in Shields
  3082 | D:4      | Reached XP level 6. HP: 21/38 MP: 6/6
  3215 | D:4      | Noticed Eustachio
  3236 | D:4      | Killed Eustachio
  3446 | D:5      | Entered Level 5 of the Dungeon
  3447 | D:5      | Noticed Grinder
  3447 | D:5      | Noticed a black bear
  3460 | D:4      | Slain by an ogre

Illustrated notes

Levels and vault maps discovered:
D:1:      amcnicky_arrival_choice, layout_basic,
          dreamdust_ecumenical_altar_angels_and_demons, grunt_decor_one_mirror
D:2:      minmay_general_purpose_star, layout_loops_corners, uniq_robin
D:3:      layout_basic, chequers_temple_overflow_minitemple,
          grunt_gozag_breadcrumbs, chequers_serial_rivers_small_a
D:4:      layout_rooms, temple_hall, hangedman_decor_opposing, uniq_eustachio
D:5:      nicolae_cairo_tiling_large_dashed, layout_rooms, uniq_sigmund,
          uniq_duvessa, uniq_grinder, uniq_menkaure

Skill      XL: |  1  2  3  4  5  6 |
---------------+-------------------+-----
Axes           | 3 4 |  4.6
Fighting       | 4 |  4.2
Dodging        | 2 3 |  3.1
Shields        | 1 2 |  2.5
Armour         | |  2.9
Stealth        | |  0.3

Action                     |  1- 3 |  4- 6 || total
---------------------------+-------+-------++-------
  Melee: Hand axe          |   134 |   144 ||   278
         Punch             |     2 |       ||     2
 Invoke: Berserk           |       |     3 ||     3
         Trog's Hand       |       |     2 ||     2
    Use: Scroll            |     1 |       ||     1
 Armour: Animal skin       |    74 |    92 ||   166
  Dodge: Dodged            |    92 |    94 ||   186
  Block: Kite shield       |       |    32 ||    32

Table legend: (Time is in decaauts)
 A = Elapsed time spent in this place.
 B = Non-inter-level travel time spent in this place.
 C = Inter-level travel time spent in this place.
 D = Time resting spent in this place.
 E = Time spent auto-exploring this place.
 F = Levels seen in this place.
 G = Mean time per level.
                   A        B        C        D        E       F      G
               +--------+--------+--------+--------+--------+-----+--------+
         Total |   3516 |   3411 |    105 |      0 |   2586 |   5 |  703.2 |
       Dungeon |   3516 |   3411 |    105 |      0 |   2586 |   5 |  703.2 |
               +--------+--------+--------+--------+--------+-----+--------+

Top non-repeatable levels by time:
     D:2: 1054 daAuts
     D:1: 939 daAuts
     D:3: 853 daAuts
     D:4: 662 daAuts
     D:5: 7 daAuts
